 Dungeon Crawl Stone Soup version 0.31-a0-344-gd109795599 (webtiles) character file.

Game seed: 9086586859521283242

6609 AIAndy the Thaumaturge (level 11, -14/81 HPs)
             Began as a Djinni Fire Elementalist on July 22, 2023.
             Was a Follower of Makhleb.
             Demolished by a phantasmal warrior (20 damage)
             ... led by a death knight
             ... on level 9 of the Dungeon.
             The game lasted 00:35:26 (8232 turns).

AIAndy the Thaumaturge (Djinni Fire Elementalist)   Turns: 8232, Time: 00:35:26

Health: -14/81     AC:  6    Str:  7    XL:     11   Next: 21%
Gold:   389        EV: 14    Int: 22    God:    Makhleb [*.....] SH:  0 Dex: 19

rFire   + + .        (no weapon)
rCold   x . .        (no shield)
rNeg    . . .        A - +0 steam dragon scales
rPois   ∞            b - +0 helmet
rElec   .            (no cloak)
rCorr   .            (no gloves)
SInv    .            (boots unavailable)
Will    +....        (no amulet)
Stlth   ++           Z - ring of wizardry
HPRegen 0.33/turn    X - +6 ring of dexterity
MPRegen 0.00/turn

%: wizardry (x1), infuse magic (-15 HP)
@: flying, slowed, very slow
A: sickness immunity, fire resistance 2, cold vulnerability 1, float, innate
caster, HP casting, extra vitality 1
a: Renounce Religion


You were on level 9 of the Dungeon.
You worshipped Makhleb.
Makhleb was aware of your devotion.
You visited 2 branches of the dungeon, and saw 10 of its levels.
You also visited: Sewer and Ossuary.

You collected 558 gold pieces.
You spent 169 gold pieces at shops.


Innate Abilities, Weirdness & Mutations

You are immune to sickness and miasma.
You are immune to poison.
Your flesh is very heat resistant. (rF++)
You are vulnerable to cold. (rC-)
You float through the air rather than walking.
You learn spells naturally, not from books.
Your magical power is your life essence.
You have superior vitality. (+4 MHP)


   Skills:
 - Level 8.3 Fighting
 + Level 4.1 Dodging
 - Level 1.5 Stealth
 + Level 10.8 Spellcasting
 + Level 10.8 Conjurations
 + Level 10.8 Hexes
 + Level 10.8 Summonings
 + Level 10.8 Necromancy
 + Level 10.8 Translocations
 + Level 10.8 Transmutations
 + Level 10.8 Fire Magic
 + Level 10.8 Ice Magic
 + Level 10.8 Air Magic
 + Level 10.8 Earth Magic
 + Level 10.8 Poison Magic


You knew the following spells:

 Your Spells              Type           Power      Damage    Failure   Level
a - Flame Wave            Conj/Fire      56%        2d13      1%          4
b - Manifold Assault      Tloc           56%        N/A       1%          4
c - Summon Ice Beast      Ice/Summ       56%        N/A       1%          4
e - Passwall              Tmut/Erth      46%        N/A       1%          2
f - Inner Flame           Hex/Fire       56%        N/A       1%          3
w - Stone Arrow           Conj/Erth      100%       3d13      1%          3
z - Sting                 Tmut/Pois      100%       1d8       1%          1
X - Foxfire               Conj/Fire      100%       2x1d9     1%          1
Y - Scorch                Fire           100%       2d9       1%          2
Z - Volatile Blastmotes   Fire/Tloc      100%       2d18      1%          3
Your spell library was empty.

Inventory:

Hand Weapons
 q - a +4 flail
Armour
 a - a +0 cloak
 b - a +0 helmet (worn)
 p - a +0 tower shield
 w - +0 swamp dragon scales
 A - +0 steam dragon scales (worn)
Jewellery
 v - a ring of see invisible
 H - an amulet of faith {!P}
 X - a +6 ring of dexterity (right hand)
 Z - a ring of wizardry (left hand)
Wands
 n - a wand of mindburst (13)
 x - a wand of flame (18)
 B - a wand of iceblast (7)
Scrolls
 c - 2 scrolls of revelation {unknown}
 d - 3 scrolls of immolation {!r}
 g - a scroll of vulnerability {!r}
 h - a scroll of enchant weapon {unknown}
 j - 2 scrolls of fear {unknown}
 k - 6 scrolls of teleportation {@r4}
 r - a scroll of amnesia {unknown}
 t - 2 scrolls of brand weapon {unknown}
 y - a scroll of acquirement {unknown}
Potions
 e - 9 potions of curing {@q1}
 f - a potion of ambrosia {unknown}
 i - 2 potions of might
 l - 2 potions of enlightenment
 m - 2 potions of cancellation
 o - 4 potions of haste {@q3}
 s - 4 potions of heal wounds {@q2}
 u - a potion of invisibility
 z - a potion of berserk rage {!q}
Miscellaneous
 C - a phial of floods

Dungeon Overview and Level Annotations

Branches:
Dungeon (9/15)             Temple (1/1) D:7           Sewer (visited)
Ossuary (visited)
   Lair: D:8-11         Orc: D:9-12

Altars:
Ashenzari
Cheibriados
Dithmenos
Elyvilon
Fedhas
Gozag
Hepliaklqana
Makhleb
Nemelex Xobeh
Okawaru
Qazlal
Ru
Trog
Uskayaw
Wu Jian
Xom
Yredelemnul
Zin
The Shining One

Shops:
D:3 *!

Annotations:
D:6 2 runed translucent doors, Vruhak's ghost, amateur FoGl

########### .##
#.....# # ..
#.....### # §.
#.......### #$
#.......... #.
#....#####. #W###
####.# #. #Wp.#
#.# #. ##.@.###
#.# #. #..W...#
#.#####. #.#.##.#
#.......
#.#.##.###
#####.## #
#......#######.#.#
####.#........###.
#.#########.#.#
..# ##.## #### ###


You could see a death knight, a phantasmal warrior, a freezing wraith and a
wraith.


Message History

The flame wave engulfs the freezing wraith!
The freezing wraith is burned terribly!
The freezing wraith is heavily damaged.
The flame wave engulfs the freezing wraith!!!
The freezing wraith is burned terribly!
You destroy the freezing wraith!
Makhleb accepts your kill.
The flame wave engulfs the death knight!
The death knight is moderately wounded.
* * * LOW HITPOINT WARNING * * *
You finish channelling waves of flame.
You hear a shout! x3
The freezing wraith misses you. The freezing wraith hits you!
* * * LOW HITPOINT WARNING * * *
The freezing wraith drains your vigour!
You feel yourself slow down. The phantasmal warrior gestures at you.
The phantasmal warrior blinks!
Your Dodging skill increases to level 4!
Okay, then.
You feel much better. The freezing wraith hits you.
* * * LOW HITPOINT WARNING * * *
The freezing wraith freezes you!!
You feel a terrible chill!
* * * LOW HITPOINT WARNING * * *
The freezing wraith hits you!
* * * LOW HITPOINT WARNING * * *
The freezing wraith drains your vigour!
You feel as though you will be slow longer.
The phantasmal warrior hits you!!
You die...

Skill      XL: |  1  2  3  4  5  6  7  8  9 10 11 |
---------------+----------------------------------+-----
Spellcasting   | 4 5 6 8 9 10 | 10.8
Conjurations   | 4 5 6 8 9 10 | 10.8
Hexes          | 4 5 6 8 9 10 | 10.8
Summonings     | 4 5 6 8 9 10 | 10.8
Necromancy     | 4 5 6 8 9 10 | 10.8
Translocations | 4 5 6 8 9 10 | 10.8
Transmutations | 4 5 6 8 9 10 | 10.8
Fire Magic     | 4 5 6 8 9 10 | 10.8
Ice Magic      | 4 5 6 8 9 10 | 10.8
Air Magic      | 4 5 6 8 9 10 | 10.8
Earth Magic    | 4 5 6 8 9 10 | 10.8
Poison Magic   | 4 5 6 8 9 10 | 10.8
Fighting       | 5 8 |  8.3
Dodging        | 4 |  4.1
Stealth        | |  1.5

Action                     |  1- 3 |  4- 6 |  7- 9 | 10-12 || total
---------------------------+-------+-------+-------+-------++-------
   Cast: Foxfire           |    32 |    49 |   151 |    42 ||   274
         Scorch            |    16 |    13 |    91 |    41 ||   161
         Stone Arrow       |       |       |    22 |    15 ||    37
         Flame Wave        |       |       |     5 |     8 ||    13
         Summon Ice Beast  |       |       |       |     1 ||     1
    Use: Scroll            |       |       |     9 |     4 ||    13
         Potion            |       |       |       |     2 ||     2
 Armour: Robe              |       |     1 |    10 |     5 ||    16
         Steam dragon scal |       |       |       |     6 ||     6
  Dodge: Dodged            |     2 |     1 |    31 |    50 ||    84

Levels and vault maps discovered:
D:1:      shiori_arrival_whats_in_store_for_you, layout_rooms,
          hellmonk_ecumenical_altar_blasted
D:2:      layout_rooms
D:3:      layout_basic, mainiacjoe_overflow_six_doors_small,
          general_overflow_altar, nicolae_dithmenos_shadow_blocks, serial_shops,
          shop, shop, nicolae_figureground_sparkle
D:4:      layout_rooms
D:5:      layout_loops_ring, nemelex_dance_club_becter, tso_metal_star
D:6:      layout_basic, nicolae_overflow_crystal_walls, portal_sewer_entry_e,
          lightli_ossuary_entry_decrepit_ruins, ebering_ghost_sewer_f,
          hangedman_decor_slide_cut, minmay_misc_feat_columns,
          nicolae_figureground_pulse
D:7:      minmay_cornered_nines, layout_cave_pools, minmay_temple_entry_wispy,
          serial_column_ruins, column_ruins_grid_5, column_ruins_temple_circle,
          column_ruins_columns_straight, column_ruins_columns_water,
          column_ruins_open_medium, column_ruins_grid_1, column_ruins_grid_3,
          column_ruins_grid_2, minmay_misc_feat_rugged, uniq_maggie
D:8:      layout_cave_pools, mainiacjoe_overflow_chevrons,
          nicolae_ru_awakened_eye, nicolae_uskayaw_suspiria
D:9:      layout_loops_cross, uniq_maurice
Temple:   dshaligram_water_room_temple

Notes
Turn   | Place    | Note
-------+----------+-------------------------------------------
     0 | D:1      | Reached skill level 3 in Spellcasting
     0 | D:1      | Reached skill level 3 in Conjurations
     0 | D:1      | Reached skill level 3 in Hexes
     0 | D:1      | Reached skill level 3 in Summonings
     0 | D:1      | Reached skill level 3 in Necromancy
     0 | D:1      | Reached skill level 3 in Translocations
     0 | D:1      | Reached skill level 3 in Transmutations
     0 | D:1      | Reached skill level 3 in Fire Magic
     0 | D:1      | Reached skill level 3 in Ice Magic
     0 | D:1      | Reached skill level 3 in Air Magic
     0 | D:1      | Reached skill level 3 in Earth Magic
     0 | D:1      | Reached skill level 3 in Poison Magic
     0 | D:1      | AIAndy the Djinni Fire Elementalist began the quest for the
                  | Orb.
     0 | D:1      | AIAndy set off with the following spells memorised:
                  | Foxfire, Scorch, Volatile Blastmotes, Inner Flame, Flame
                  | Wave.
     0 | D:1      | Reached XP level 1. HP: 15/15 MP: 0/0
    21 | D:1      | Noticed a minotaur skeleton
    97 | D:1      | Found a faded altar of an unknown god.
   166 | D:1      | You are sucked into a shaft and drop 1 floor!
   235 | D:1      | Reached XP level 2. HP: 19/21 MP: 0/0
   584 | D:2      | Reached XP level 3. HP: 21/25 MP: 0/0
   584 | D:2      | Learned a level 1 spell: Sting
  1015 | D:3      | Noticed an ogre
  1022 | D:3      | Killed an ogre
  1023 | D:3      | Reached skill level 4 in Spellcasting
  1023 | D:3      | Reached skill level 4 in Conjurations
  1023 | D:3      | Reached skill level 4 in Hexes
  1023 | D:3      | Reached skill level 4 in Summonings
  1023 | D:3      | Reached skill level 4 in Necromancy
  1023 | D:3      | Reached skill level 4 in Translocations
  1023 | D:3      | Reached skill level 4 in Transmutations
  1023 | D:3      | Reached skill level 4 in Fire Magic
  1023 | D:3      | Reached skill level 4 in Ice Magic
  1023 | D:3      | Reached skill level 4 in Air Magic
  1023 | D:3      | Reached skill level 4 in Earth Magic
  1023 | D:3      | Reached skill level 4 in Poison Magic
  1023 | D:3      | Reached XP level 4. HP: 3/31 MP: 0/0
  1023 | D:3      | Reached XP level 5. HP: 4/35 MP: 0/0
  1023 | D:3      | Learned a level 2 spell: Passwall
  1024 | D:3      | Noticed a water moccasin
  1203 | D:3      | Found a shadowy altar of Dithmenos.
  1277 | D:3      | Found Xuzuyn's Distillery.
  1285 | D:3      | Bought a potion of haste for 130 gold pieces
  1285 | D:3      | Bought a potion of curing for 39 gold pieces
  1357 | D:3      | Found a white marble altar of Elyvilon.
  1494 | D:3      | Found Sapn's Assorted Antiques.
  1562 | D:3      | Killed a water moccasin
  1563 | D:3      | Reached skill level 5 in Spellcasting
  1563 | D:3      | Reached skill level 5 in Conjurations
  1563 | D:3      | Reached skill level 5 in Hexes
  1563 | D:3      | Reached skill level 5 in Summonings
  1563 | D:3      | Reached skill level 5 in Necromancy
  1563 | D:3      | Reached skill level 5 in Translocations
  1563 | D:3      | Reached skill level 5 in Transmutations
  1563 | D:3      | Reached skill level 5 in Fire Magic
  1563 | D:3      | Reached skill level 5 in Ice Magic
  1563 | D:3      | Reached skill level 5 in Air Magic
  1563 | D:3      | Reached skill level 5 in Earth Magic
  1563 | D:3      | Reached skill level 5 in Poison Magic
  1563 | D:3      | Reached XP level 6. HP: 35/40 MP: 0/0
  1807 | D:3      | Found a bloodstained altar of Trog.
  2135 | D:4      | Reached XP level 7. HP: 43/45 MP: 0/0
  2135 | D:4      | Learned a level 3 spell: Stone Arrow
  2304 | D:4      | Reached skill level 6 in Spellcasting
  2304 | D:4      | Reached skill level 6 in Conjurations
  2304 | D:4      | Reached skill level 6 in Hexes
  2304 | D:4      | Reached skill level 6 in Summonings
  2304 | D:4      | Reached skill level 6 in Necromancy
  2304 | D:4      | Reached skill level 6 in Translocations
  2304 | D:4      | Reached skill level 6 in Transmutations
  2304 | D:4      | Reached skill level 6 in Fire Magic
  2304 | D:4      | Reached skill level 6 in Ice Magic
  2304 | D:4      | Reached skill level 6 in Air Magic
  2304 | D:4      | Reached skill level 6 in Earth Magic
  2304 | D:4      | Reached skill level 6 in Poison Magic
  2405 | D:5      | Entered Level 5 of the Dungeon
  2503 | D:5      | Found a glowing golden altar of the Shining One.
  2506 | D:5      | Noticed a water moccasin
  2511 | D:5      | Killed a water moccasin
  2516 | D:5      | Reached XP level 8. HP: 42/50 MP: 0/0
  2693 | D:5      | Reached skill level 7 in Spellcasting
  2693 | D:5      | Reached skill level 7 in Conjurations
  2693 | D:5      | Reached skill level 7 in Hexes
  2693 | D:5      | Reached skill level 7 in Summonings
  2693 | D:5      | Reached skill level 7 in Necromancy
  2693 | D:5      | Reached skill level 7 in Translocations
  2693 | D:5      | Reached skill level 7 in Transmutations
  2693 | D:5      | Reached skill level 7 in Fire Magic
  2693 | D:5      | Reached skill level 7 in Ice Magic
  2693 | D:5      | Reached skill level 7 in Air Magic
  2693 | D:5      | Reached skill level 7 in Earth Magic
  2693 | D:5      | Reached skill level 7 in Poison Magic
  3109 | D:5      | Reached skill level 8 in Spellcasting
  3109 | D:5      | Reached skill level 8 in Conjurations
  3109 | D:5      | Reached skill level 8 in Hexes
  3109 | D:5      | Reached skill level 8 in Summonings
  3109 | D:5      | Reached skill level 8 in Necromancy
  3109 | D:5      | Reached skill level 8 in Translocations
  3109 | D:5      | Reached skill level 8 in Transmutations
  3109 | D:5      | Reached skill level 8 in Fire Magic
  3109 | D:5      | Reached skill level 8 in Ice Magic
  3109 | D:5      | Reached skill level 8 in Air Magic
  3109 | D:5      | Reached skill level 8 in Earth Magic
  3109 | D:5      | Reached skill level 8 in Poison Magic
  3335 | D:5      | Found a sparkling altar of Nemelex Xobeh.
  3691 | D:6      | Found a sand-covered staircase.
  3696 | Ossuary  | Entered an ossuary
  3731 | Ossuary  | Reached XP level 9. HP: 46/55 MP: 0/0
  3731 | Ossuary  | Learned a level 4 spell: Manifold Assault
  3964 | Ossuary  | Reached skill level 1 in Fighting
  4107 | D:6      | Found a runed translucent door.
  4111 | D:6      | Noticed Vruhak's ghost (amateur FoGl)
  4197 | D:6      | Found an iron altar of Okawaru.
  4220 | D:6      | Reached skill level 2 in Fighting
  4244 | D:6      | Found a glowing drain.
  4253 | Sewer    | Entered a sewer
  4642 | Sewer    | Reached skill level 3 in Fighting
  4963 | D:6      | Found a runed translucent door.
  5255 | D:7      | Reached skill level 9 in Spellcasting
  5255 | D:7      | Reached skill level 9 in Conjurations
  5255 | D:7      | Reached skill level 9 in Hexes
  5255 | D:7      | Reached skill level 9 in Summonings
  5255 | D:7      | Reached skill level 9 in Necromancy
  5255 | D:7      | Reached skill level 9 in Translocations
  5255 | D:7      | Reached skill level 9 in Transmutations
  5255 | D:7      | Reached skill level 9 in Fire Magic
  5255 | D:7      | Reached skill level 9 in Ice Magic
  5255 | D:7      | Reached skill level 9 in Air Magic
  5255 | D:7      | Reached skill level 9 in Earth Magic
  5255 | D:7      | Reached skill level 9 in Poison Magic
  5303 | D:7      | Noticed a hornet
  5380 | D:7      | Reached skill level 4 in Fighting
  5412 | D:7      | Noticed Maggie
  5428 | D:7      | Killed Maggie
  5605 | D:7      | Found a faded altar of an unknown god.
  5725 | D:7      | Found a staircase to the Ecumenical Temple.
  5734 | Temple   | Entered the Ecumenical Temple
  5750 | Temple   | Became a worshipper of Makhleb the Destroyer
  5781 | D:7      | Killed a hornet
  5782 | D:7      | Reached skill level 5 in Fighting
  5782 | D:7      | Reached XP level 10. HP: 48/70 MP: 0/0
  6008 | D:7      | Reached skill level 6 in Fighting
  6703 | D:7      | Reached skill level 10 in Spellcasting
  6703 | D:7      | Reached skill level 10 in Conjurations
  6703 | D:7      | Reached skill level 10 in Hexes
  6703 | D:7      | Reached skill level 10 in Summonings
  6703 | D:7      | Reached skill level 10 in Necromancy
  6703 | D:7      | Reached skill level 10 in Translocations
  6703 | D:7      | Reached skill level 10 in Transmutations
  6703 | D:7      | Reached skill level 10 in Fire Magic
  6703 | D:7      | Reached skill level 10 in Ice Magic
  6703 | D:7      | Reached skill level 10 in Air Magic
  6703 | D:7      | Reached skill level 10 in Earth Magic
  6703 | D:7      | Reached skill level 10 in Poison Magic
  6989 | D:8      | Reached skill level 7 in Fighting
  7188 | D:8      | Noticed a kobold demonologist
  7189 | D:8      | Noticed a kobold demonologist
  7190 | D:8      | Noticed an ice devil
  7251 | D:8      | Found a sacrificial altar of Ru.
  7408 | D:8      | Killed a kobold demonologist
  7473 | D:8      | Killed a kobold demonologist
  7543 | D:8      | Found a hide-covered altar of Uskayaw.
  7607 | D:9      | Noticed Maurice
  7615 | D:9      | Killed Maurice
  7661 | D:9      | Noticed a deep elf pyromancer
  7669 | D:9      | Killed a deep elf pyromancer
  7670 | D:9      | Reached skill level 8 in Fighting
  7670 | D:9      | Reached XP level 11. HP: 76/81 MP: 0/0
  7670 | D:9      | Learned a level 4 spell: Summon Ice Beast
  7855 | D:9      | Reached * piety under Makhleb
  7860 | D:9      | Reached skill level 3 in Dodging
  8228 | D:9      | Noticed a death knight
  8230 | D:9      | Noticed a phantasmal warrior
  8232 | D:9      | Reached skill level 4 in Dodging
  8232 | D:9      | HP: 6/81 [freezing wraith[a death knight] (11)]
  8232 | D:9      | Demolished by a phantasmal warrior

Vanquished Creatures
  A deep elf pyromancer (D:9)
  Maurice (D:9)
  Maggie (D:7)
  2 kobold demonologists (D:8)
  A freezing wraith (D:9)
  A hornet (D:7)
  A wraith (D:7)
  A wyvern (D:9)
  A steam dragon (D:8)
  5 water moccasins
  3 black bears
  4 ice beasts
  A sky beast (D:7)
  2 ogres
  3 centaurs
  2 kobold brigands
  6 bullfrogs
  An elf zombie (Ossuary)
  3 scorpions
  3 wights (D:7)
  14 killer bees
  A howler monkey (D:9)
  2 centaur zombies (Ossuary)
  2 lava snakes (D:8)
  2 hounds
  3 orc priests
  A human zombie (Ossuary)
  3 jellies
  8 iguanas
  3 orc wizards
  2 mummies (Ossuary)
  7 gnolls
  9 adders
  7 river rats
  A shadow imp (D:8)
  A white imp (D:5)
  2 ufetubi
  2 adder zombies (Ossuary)
  2 worms
  16 orcs
  6 endoplasms
  7 giant cockroaches
  5 goblins
  A hobgoblin (D:1)
  3 jackals (D:3)
  12 kobolds
  5 quokkas
  14 ball pythons
  3 bats (D:1)
  4 frilled lizards
  A goblin zombie (Ossuary)
  10 hobgoblin zombies (Ossuary)
  7 kobold zombies (Ossuary)
  11 orc zombies (Ossuary)
  27 rats
  2 rat zombies (Ossuary)
249 creatures vanquished.

Vanquished Creatures (others)
  449 foxfires
449 creatures vanquished.

Grand Total: 698 creatures vanquished

Table legend: (Time is in decaauts)
 A = Elapsed time spent in this place.
 B = Non-inter-level travel time spent in this place.
 C = Inter-level travel time spent in this place.
 D = Time resting spent in this place.
 E = Time spent auto-exploring this place.
 F = Levels seen in this place.
 G = Mean time per level.
                   A        B        C        D        E       F      G
               +--------+--------+--------+--------+--------+-----+--------+
         Total |   8236 |   7893 |    343 |    903 |   5314 |  12 |  686.3 |
       Dungeon |   7395 |   7082 |    313 |    903 |   4985 |   9 |  821.7 |
        Temple |     32 |      2 |     30 |      0 |      0 |   1 |   32.0 |
         Sewer |    434 |    434 |      0 |      0 |    325 |   1 |  434.0 |
       Ossuary |    373 |    373 |      0 |      0 |      4 |   1 |  373.0 |
               +--------+--------+--------+--------+--------+-----+--------+

Top non-repeatable levels by time:
     D:7: 1403 daAuts
     D:5: 1251 daAuts
     D:3: 995 daAuts
     D:6: 990 daAuts
     D:8: 715 daAuts
     D:9: 629 daAuts
     D:1: 517 daAuts
     D:2: 460 daAuts
   Sewer: 434 daAuts
     D:4: 430 daAuts
 Ossuary: 373 daAuts
  Temple: 32 daAuts

Table legend:
 A = Non-vault XP
 B = Vault XP
 C = Vault XP percentage of total XP
 D = Non-vault monster count
 E = Vault monster count
 F = Vault count percentage of total count
                 A         B        C        D         E       F
            +---------+---------+-------+---------+---------+-------
      Total |    7443 |    1999 |  21.2 |     152 |      97 |  39.0
            +---------+---------+-------+---------+---------+-------
        D:1 |      25 |       0 |   0.0 |      16 |       0 |   0.0
        D:2 |      10 |       0 |   0.0 |       4 |       0 |   0.0
        D:3 |     365 |       0 |   0.0 |      26 |       0 |   0.0
        D:4 |     214 |       0 |   0.0 |      13 |       0 |   0.0
        D:5 |    1221 |     124 |   9.2 |      18 |       2 |  10.0
        D:6 |     200 |      36 |  15.3 |       9 |       8 |  47.1
        D:7 |    2001 |     721 |  26.5 |      31 |       4 |  11.4
        D:8 |    1389 |       0 |   0.0 |      14 |       0 |   0.0
        D:9 |    2018 |     449 |  18.2 |      21 |       1 |   4.5
      Sewer |       0 |     366 | 100.0 |       0 |      43 | 100.0
    Ossuary |       0 |     303 | 100.0 |       0 |      39 | 100.0
            +---------+---------+-------+---------+---------+-------
